 Dungeon Crawl Stone Soup version 0.31.0-32-g396128a36d (webtiles) character file.

Game seed: 11187942403283635403

30 polpettosauro the Ruffian (level 3, -1/28 HPs)
             Began as a Gnoll Shapeshifter on Mar 15, 2024.
             Slain by a goblin
             ... wielding a +2 heavy hand axe
              (6 damage)
             ... on level 2 of the Dungeon.
             The game lasted 00:01:54 (670 turns).

polpettosauro the Ruffian (Gnoll Shapeshifter)       Turns: 670, Time: 00:01:54

Health: -1/28      AC:  2    Str: 13    XL:     3   Next: 18%
Magic:  3/4        EV: 13    Int: 11    God:
Gold:   7          SH:  0    Dex: 11    Spells: 3/3 levels left

rFire   . . .        e - +2 spear (venom)
rCold   . . .        (no shield)
rNeg    . . .        a - +0 animal skin
rPois   .            (helmet currently unavailable)
rElec   .            (cloak currently unavailable)
rCorr   .            (gloves currently unavailable)
SInv    .            (boots currently unavailable)
Will    .....        (no amulet)
Stlth   +            (no ring)
HPRegen 0.24/turn    (no ring)
MPRegen 0.09/turn

%: no passive effects
@: beast-form
A: beast (slay +3), fangs 1, strong nose, distributed training
a: Begin Untransformation


You were on level 2 of the Dungeon.
You were a hulking beast.
You visited 1 branch of the dungeon, and saw 2 of its levels.

You collected 7 gold pieces.

Inventory:

Hand Weapons
 e - a +2 spear of venom (weapon)
Missiles
 n - 5 javelins (quivered)
Armour
 a - a +0 animal skin (worn)
 m - a scarf of invisibility
Jewellery
 l - a +5 ring of evasion
Talismans
 c - a beast talisman
 d - a flux talisman
Scrolls
 i - a scroll of immolation {unknown}
 k - 2 scrolls of blinking {unknown}
Potions
 b - a potion of lignification
 f - a potion of attraction {unknown}
 g - a potion of berserk rage {unknown}
 h - a potion of brilliance {unknown}
 j - a potion of curing {unknown}


   Skills:
 + Level 2.6 Fighting
 + Level 0.7 Short Blades
 + Level 0.7 Long Blades
 + Level 0.7 Axes
 + Level 0.7 Maces & Flails
 + Level 0.7 Polearms
 + Level 0.7 Staves
 + Level 0.7 Ranged Weapons
 + Level 0.7 Throwing
 + Level 0.7 Armour
 + Level 4.5 Dodging
 + Level 0.7 Stealth
 + Level 0.7 Shields
 + Level 6.5 Unarmed Combat
 + Level 0.7 Spellcasting
 + Level 0.5 Conjurations
 + Level 0.5 Hexes
 + Level 0.5 Summonings
 + Level 0.5 Necromancy
 + Level 0.5 Translocations
 + Level 0.5 Fire Magic
 + Level 0.5 Ice Magic
 + Level 0.5 Air Magic
 + Level 0.5 Earth Magic
 + Level 0.5 Alchemy
 + Level 0.9 Invocations
 + Level 0.7 Evocations
 + Level 6.5 Shapeshifting


You had 3 spell levels left.
You didn't know any spells.
Your spell library was empty.

Dungeon Overview and Level Annotations

Branches:
Dungeon (2/15)

Altars:


Innate Abilities, Weirdness & Mutations

You are a hulking beast.
Your limbs bulge with bestial killing power. (Slay +3)
You have very sharp teeth.
Your uncanny sense of smell can sniff out nearby items.
Your experience applies equally to all skills.


Message History

Your experience leads to an increase in your attributes!
Increase (S)trength, (I)ntelligence, or (D)exterity?
You feel clever. x2
You hit the frilled lizard.
You kill the frilled lizard!
The ball python closely misses you. The ball python barely misses you.
You hit the ball python.
You kill the ball python!
The ball python bites you. The ball python barely misses you.
The ribbon worm expels a string of sticky webbing.
The stream of webbing misses you.
You hit the ball python.
The ball python is poisoned.
The ball python is moderately wounded.
The ball python closely misses you. x2
Unknown command.
You hit the ball python.
You kill the ball python!
Items here: ††††.
You hit the ribbon worm but do no damage.
The ribbon worm is poisoned.
The ribbon worm barely misses you.
The goblin hits you with a +2 heavy hand axe.
You hit the ribbon worm.
The ribbon worm looks as sick as possible!
The ribbon worm is moderately wounded.
The ribbon worm bites you!
You hit the ribbon worm.
The ribbon worm looks as sick as possible!
The ribbon worm is almost dead.
You kill the ribbon worm!
The goblin hits you with a +2 heavy hand axe!
* * * LOW HITPOINT WARNING * * *
You are too injured to fight recklessly!
You are too injured to fight recklessly!
You are too injured to fight recklessly!
You are too injured to fight recklessly!
You are too injured to fight recklessly!
You barely miss the goblin.
A rat comes into view.
The goblin hits you with a +2 heavy hand axe.
You die...

......#.......
.............
..[.........
#..........#####.
+........†.......
#...$......#
.......>.<##
#.......##
#.....h.#
......g†.# ∆
.####....#
∆#....# r##..# ∆
..∆#..# ∆
...∆#..# ... #..#


You could see a goblin and a rat (wandering).

Vanquished Creatures
  An adder (D:2)
  A ribbon worm (D:2)
  4 endoplasms
  A giant cockroach (D:1)
  3 kobolds (D:1)
  3 ball pythons
  A bat (D:1)
  4 frilled lizards
  2 goblins (D:1)
20 creatures vanquished.

Notes
Turn   | Place    | Note
-------+----------+-------------------------------------------
     0 | D:1      | polpettosauro the Gnoll Shapeshifter began the quest for
                  | the Orb.
     0 | D:1      | Reached XP level 1. HP: 17/17 MP: 1/1
   318 | D:1      | Reached XP level 2. HP: 23/23 MP: 2/2
   662 | D:2      | Reached XP level 3. HP: 26/28 MP: 3/3
   670 | D:2      | Slain by a goblin

Illustrated notes

Levels and vault maps discovered:
D:1:      nicolae_arrival_somewhat_less_tricky_arrival, layout_rooms,
          minmay_misc_feat_cross
D:2:      kennysheep_six_static_rooms, layout_basic, basic_altar,
          dreamdust_ecumenical_altar_grove, minmay_hexomino_c4

Action                     || total
---------------------------++-------
  Melee: Spear             ||    43
         Bite              ||     1
 Armour: Animal skin       ||     9
  Dodge: Dodged            ||    22
